 Dungeon Crawl Stone Soup version 0.31-a0-636-ge1c0e020e0 (webtiles) character file.

Game seed: 5719660955391037814

219 randomguy2701 the Chopper (level 5, -1/47 HPs)
             Began as a Hill Orc Fighter on Aug 27, 2023.
             Splashed by a jelly's acid (3 damage)
             ... on level 4 of the Dungeon.
             The game lasted 00:02:13 (2961 turns).

randomguy2701 the Chopper (Hill Orc Fighter)        Turns: 2961, Time: 00:02:13

Health: -1/47      AC: -8    Str: 19    XL:     5   Next: 96%
Magic:  5/5        EV:  9    Int:  8    God:
Gold:   226        SH:  5    Dex: 12    Spells: 4/4 levels left

rFire   . . .        a - +0 war axe
rCold   . . .        c - +0 buckler
rNeg    . . .        b - +0 scale mail
rPois   .            (no helmet)
rElec   .            (no cloak)
rCorr   .            (no gloves)
SInv    .            (no boots)
Will    .....        (no amulet) Stlth
                     i - +4 ring of protection
HPRegen 0.27/turn    (no ring)
MPRegen 0.09/turn

%: no passive effects
@: corroded
A: no striking features
a: no special abilities


You were on level 4 of the Dungeon.
You visited 1 branch of the dungeon, and saw 4 of its levels.

You collected 226 gold pieces.

Inventory:

Hand Weapons
 a - a +0 war axe (weapon)
Armour
 b - a +0 scale mail (worn)
 c - a +0 buckler (worn)
Jewellery
 i - a +4 ring of protection (left hand)
Scrolls
 f - 2 scrolls of revelation {unknown}
 g - a scroll of silence {unknown}
 h - 5 scrolls of identify {unknown}
 j - 3 scrolls of teleportation {unknown}
 k - a scroll of immolation
 l - a scroll of vulnerability {unknown}
 m - a scroll of enchant weapon {unknown}
 p - a scroll of poison {unknown}
Potions
 d - 2 potions of might
 e - a potion of heal wounds {unknown}
 n - a potion of lignification {unknown}
 o - 2 potions of curing {unknown}


   Skills:
 + Level 4.4 Fighting
 + Level 5.2 Axes
 + Level 4.3 Armour
 - Level 0.3 Dodging
 + Level 4.4 Shields


You had 4 spell levels left.
You didn't know any spells.
Your spell library was empty.

Dungeon Overview and Level Annotations

Branches:
Dungeon (4/15)             Temple (0/1) D:4

Altars:

Annotations:
D:3 1 runed translucent door, Dittersdorf's ghost, amateur GrFi


Message History

As you open the door, it creaks loudly!
A giant cockroach and a jelly come into view.
The giant cockroach moves out of view.
There is an open door here.
You slash the jelly!
Your hands burn!
The jelly is heavily wounded.
You hit the giant cockroach but do no damage.
The giant cockroach barely misses you. The jelly hits you but does no damage.
You hit the jelly. The acid corrodes you!
Your hands burn!
The jelly is severely wounded.
You hit the giant cockroach.
You kill the giant cockroach!
You block the jelly's attack. The jelly hits you. The acid corrodes you!
You are splashed with acid!
You hit the jelly.
Your hands burn!
The jelly is almost dead.
The jelly hits you but does no damage.
You hit the jelly but do no damage. The acid corrodes you!
Your hands burn!
The jelly is almost dead.
You block the jelly's attack.
You hit the jelly but do no damage. The acid corrodes you!
Your hands burn!
The jelly is almost dead.
The jelly hits you.
You are splashed with acid!
You are too injured to fight recklessly!
You are too injured to fight recklessly!
You are too injured to fight recklessly!
You are too injured to fight recklessly!
You are too injured to fight recklessly!
You are too injured to fight recklessly!
A jelly is nearby!
A jelly is nearby!
You hit the jelly but do no damage. The acid corrodes you!
Your hands burn!
* * * LOW HITPOINT WARNING * * *
The jelly is almost dead.
The jelly hits you.
* * * LOW HITPOINT WARNING * * *
You are splashed with acid!
* * * LOW HITPOINT WARNING * * *
You hit the jelly but do no damage.
Your hands burn!
You die...

....#........#..#
....#..†)...)#..##
..###..#'##..#†..#
..# ####..####...#
>######8..#..'..##
.#...)...##[.#..##
.'.......##..#...#
.######8..#..#...#
......##..######@#
......##+## #†J#
......# ....#
......# ......#
......############
..............#
##....#########
.#.......#
.#..†.##.#


You could see a jelly.

Vanquished Creatures
  2 hounds (D:4)
  An iguana (D:4)
  5 adders
  A gnoll (D:1)
  A worm (D:2)
  4 dart slugs
  An orc (D:4)
  5 ball pythons
  5 bats
  4 endoplasms
  7 giant cockroaches
  5 goblins
  5 hobgoblins
  2 jackals (D:3)
  5 kobolds
  7 quokkas
  3 frilled lizards
  4 rats
67 creatures vanquished.

Notes
Turn   | Place    | Note
-------+----------+-------------------------------------------
     0 | D:1      | randomguy2701 the Hill Orc Fighter began the quest for the
                  | Orb.
     0 | D:1      | Reached XP level 1. HP: 19/19 MP: 1/1
   111 | D:1      | Reached XP level 2. HP: 27/27 MP: 2/2
   352 | D:1      | Reached skill level 3 in Axes
   544 | D:1      | Reached XP level 3. HP: 32/33 MP: 3/3
  1278 | D:2      | Reached XP level 4. HP: 38/40 MP: 4/4
  1972 | D:3      | Found a faded altar of an unknown god.
  2030 | D:3      | Reached skill level 4 in Axes
  2389 | D:3      | Found a runed translucent door.
  2389 | D:3      | Noticed a water moccasin
  2389 | D:3      | Noticed Dittersdorf's ghost (amateur GrFi)
  2626 | D:4      | Reached XP level 5. HP: 26/46 MP: 5/5
  2723 | D:4      | Found a staircase to the Ecumenical Temple.
  2913 | D:4      | Reached skill level 5 in Axes
  2960 | D:4      | HP: 2/47 [acid (8)]
  2961 | D:4      | Splashed by a jelly's acid

Illustrated notes

Levels and vault maps discovered:
D:1:      psy_arrival_whirlpool, layout_basic, chequers_jeans
D:2:      layout_loops_ring
D:3:      wander_river, layout_loops_corners, ebering_ghost_inner_flame,
          shapermc_ecumenical_altar_venn, nicolae_hexahallways,
          minmay_misc_feat_tiny
D:4:      minmay_chambers_of_twos, layout_gridville,
          minmay_temple_entry_drinking_statues

Skill      XL: |  1  2  3  4  5 |
---------------+----------------+-----
Axes           | 3 4 5 |  5.2
Fighting       | 4 |  4.4
Shields        | 4 |  4.4
Armour         | 4 |  4.3
Dodging        | |  0.3

Action                     |  1- 3 |  4- 6 || total
---------------------------+-------+-------++-------
  Melee: War axe           |   109 |   110 ||   219
 Armour: Scale mail        |    44 |    63 ||   107
  Dodge: Dodged            |    57 |    54 ||   111
  Block: Buckler           |    31 |    21 ||    52

Table legend: (Time is in decaauts)
 A = Elapsed time spent in this place.
 B = Non-inter-level travel time spent in this place.
 C = Inter-level travel time spent in this place.
 D = Time resting spent in this place.
 E = Time spent auto-exploring this place.
 F = Levels seen in this place.
 G = Mean time per level.
                   A        B        C        D        E       F      G
               +--------+--------+--------+--------+--------+-----+--------+
         Total |   3063 |   2987 |     76 |      0 |   2466 |   4 |  765.8 |
       Dungeon |   3063 |   2987 |     76 |      0 |   2466 |   4 |  765.8 |
               +--------+--------+--------+--------+--------+-----+--------+

Top non-repeatable levels by time:
     D:3: 1203 daAuts
     D:1: 781 daAuts
     D:2: 715 daAuts
     D:4: 364 daAuts
